 Dungeon Crawl Stone Soup version 0.29-a0-319-gad05b8d819 (webtiles) character file.

Game seed: 12563012331708311447

927 Murumi the Distorting Ant (level 8, -1/61 (62) HPs)
             Began as a Formicid Abyssal Knight on Apr 2, 2022.
             Was a Believer of Lugonu.
             Slain by Prince Ribbit (16 damage)
             ... on level 5 of the Dungeon.
             The game lasted 00:15:00 (5468 turns).

Murumi the Distorting Ant (Formicid Abyssal Knight) Turns: 5468, Time: 00:15:00

HP:   -1/61 (62)    AC:  9    Str: 20    XL:     8   Next: 32%
MP:   12/12         EV:  8    Int: 10    God:    Lugonu [**....]
Gold: 41            SH:  0    Dex: 11    Spells: 7/7 levels left

rFire   . . .      SeeInvis +   m - +0 morningstar
rCold   . . .      Faith    .   (no shield)
rNeg    . . .      Spirit   .   k - +0 chain mail
rPois   .          Reflect  .   (helmet unavailable)
rElec   .          Harm     +   c - scarf {harm}
rCorr   .          Rampage  .   (no gloves)
Will    .....                   (no boots)
Stlth   ..........              n - amulet of the acrobat
HPRegen 0.20/turn               (no ring)
MPRegen 0.13/turn               (no ring)

@: lightly drained
A: permanent stasis, dig shafts and tunnels, antennae 3, four strong arms
a: Dig, Shaft Self, Renounce Religion, Depart the Abyss, Bend Space


You were on level 5 of the Dungeon.
You worshipped Lugonu.
Lugonu was pleased with you.
You visited 1 branch of the dungeon, and saw 5 of its levels.
You visited the Abyss 1 time.

You collected 221 gold pieces.
You spent 180 gold pieces at shops.

Inventory:

Hand Weapons
 h - a +0 whip
 m - a +0 morningstar (weapon)
Armour
 c - a scarf of harm (worn)
 k - a +0 chain mail (worn)
Jewellery
 n - an amulet of the acrobat (around neck)
Wands
 e - a wand of iceblast (13)
 i - a wand of flame (15)
Scrolls
 a - a scroll of identify
 d - 2 scrolls of amnesia
 f - a scroll of enchant armour
 j - a scroll of fog
 l - a scroll of fear
Potions
 b - 2 potions of curing
 g - a potion of magic


   Skills:
 - Level 5.0 Fighting
 - Level 4.0 Maces & Flails
 - Level 5.0 Armour
 - Level 2.0 Dodging
 + Level 3.4 Stealth
 - Level 6.0 Invocations
 - Level 2.0 Evocations


You had 7 spell levels left.
You didn't know any spells.
Your spell library contained the following spells:

 Spells                   Type           Power      Damage    Failure   Level
 Summon Small Mammal      Summ           0%         N/A       98%         1
 Call Canine Familiar     Summ           0%         N/A       100%        3
 Summon Guardian Golem    Hex/Summ       0%         N/A       100%        3


Dungeon Overview and Level Annotations

Branches:
Dungeon (5/15)
 Temple: D:4-7

Altars:
Xom

Shops:
D:2 !   D:3 *

Annotations:
D:4 1 runed translucent door, scienide's ghost, novice DECj
D:5 Prince Ribbit


Innate Abilities, Weirdness & Mutations

You cannot be hasted, slowed, berserked, paralysed or teleported.
You can dig through walls and to a lower floor.
You have a pair of large antennae on your head. (SInv)
Your four strong arms can wield two-handed weapons with a shield.


Message History

Prince Ribbit barely misses you. Prince Ribbit closely misses you.
You miss Prince Ribbit.
Prince Ribbit is lightly wounded.
Prince Ribbit closely misses you. Prince Ribbit hits you!
You miss Prince Ribbit.
Prince Ribbit is lightly wounded.
Prince Ribbit hits you!
Prince Ribbit catches a mosquito with his tongue.
Prince Ribbit hits you.
You are too injured to fight recklessly!
You barely miss Prince Ribbit.
Prince Ribbit is lightly wounded.
Prince Ribbit closely misses you.
You hit Prince Ribbit.
Prince Ribbit is lightly wounded.
Prince Ribbit hits you. Prince Ribbit barely misses you.
You miss Prince Ribbit.
Prince Ribbit is lightly wounded.
Prince Ribbit hits you.
Prince Ribbit blinks!
You start resting.
Blork the orc is nearby!
You sock Blork the orc!
Blork the orc is moderately wounded.
Blork the orc hits you but does no damage.
Blork the orc casts a spell at you. The puff of frost hits you!
* * * LOW HITPOINT WARNING * * *
You puncture Blork the orc!
You kill Blork the orc!
Lugonu accepts your kill.
Training target 2.0 for Dodging reached!
Your Dodging skill increases to level 2!
You need to enable at least one skill for training.
Prince Ribbit closely misses you. Prince Ribbit misses you.
Items here: ! ) [ †.
You closely miss Prince Ribbit.
Prince Ribbit is lightly wounded.
You hear the slow rusting of a drain nearby.
Prince Ribbit hits you!
You die...

,,** *#...#***,,**
**, ***
**.....#*,,,,**
**,,
**,......*,,*,,**
**,,,
*,,......#,***,,**
**,,,,
**,.......,*
**,,** **,,,,,
*,.......##
***,*** *,,,,,,
******...$.o..#
**,,***,,,,,,
*,,,,,.......<###
**,,*,,,,,,,
*,****#.......#@##
**,,,,,,,,, **,*
##......F#.#
**,,,,,,,, ,,,*
#.....#####
*,,,,,,,, **,**
##..##* *###
**,,,,,,, ,,,,*
#.#* #####..##
**,,,,,, ,,,,*
#.*####.......#
***,,,, ≈,,,*
##.##...<......#*
****, ≈≈,,*
#.#.....).......*
** ≈≈,,*
*#...............*
**


You could see Prince Ribbit.

Vanquished Creatures
  Eustachio (D:4)
  Edmund (D:4)
  Duvessa (D:4)
  A phantom (D:4)
  Blork the orc (D:5)
  A necrophage (D:4)
  2 scorpions (D:4)
  Dowan (D:4)
  A killer bee (D:4)
  A jelly (D:4)
  A hound (D:4)
  4 adders
  2 worms
  2 dart slugs
  3 orcs
  6 bats
  6 endoplasms
  4 giant cockroaches
  5 goblins
  5 hobgoblins
  6 kobolds
  2 quokkas
  3 ball pythons
  A frilled lizard (D:3)
  5 rats
66 creatures vanquished.

Vanquished Creatures (others)
  A centaur (D:4)
  A gnoll shaman (D:4)
  A hound (D:4)
  An adder (D:4)
  2 orcs (D:4)
  A kobold (D:4)
  2 withered plants (D:4)
9 creatures vanquished.

Grand Total: 75 creatures vanquished

Notes
Turn   | Place    | Note
-------+----------+-------------------------------------------
     0 | Abyss:1  | Murumi the Formicid Abyssal Knight began the quest for the
                  | Orb.
     0 | Abyss:1  | Reached XP level 1. HP: 18/18 MP: 2/2
    50 | Abyss:1  | Noticed a large abomination
    51 | D:1      | Escaped the Abyss
    95 | D:1      | Reached skill level 1 in Dodging
   309 | D:1      | Reached XP level 2. HP: 25/25 MP: 3/3
   355 | D:1      | Found a faded altar of an unknown god.
   484 | D:1      | Reached ** piety under Lugonu
  1112 | D:2      | Reached XP level 3. HP: 30/30 MP: 4/4
  1541 | D:2      | Found Rotab's Distillery.
  1805 | D:3      | Found Qeckuiwa's General Store.
  1812 | D:3      | Bought a potion of degeneration for 13 gold pieces
  1880 | D:3      | Reached skill level 3 in Invocations
  1974 | D:3      | Reached skill level 1 in Stealth
  1974 | D:3      | Reached XP level 4. HP: 37/37 MP: 6/6
  1981 | D:3      | Reached skill level 1 in Evocations
  2577 | D:3      | Bought a scroll of identify for 26 gold pieces
  2631 | D:2      | Bought a potion of lignification for 36 gold pieces
  2684 | D:3      | Bought a scroll of fear for 45 gold pieces
  2737 | D:2      | Bought a potion of heal wounds for 60 gold pieces
  2966 | D:4      | Found a runed translucent door.
  2967 | D:4      | Noticed scienide's ghost (novice DECj)
  2989 | D:4      | Reached XP level 5. HP: 38/42 MP: 7/7
  3255 | D:4      | Noticed a phantom
  3257 | D:4      | Killed a phantom
  3258 | D:4      | Reached skill level 4 in Invocations
  3258 | D:4      | Reached XP level 6. HP: 40/48 MP: 7/9
  3365 | D:4      | Noticed Eustachio
  3451 | D:4      | Killed Eustachio
  3452 | D:4      | Reached skill level 5 in Invocations
  3452 | D:4      | Reached XP level 7. HP: 20/54 MP: 10/10
  3944 | D:4      | Noticed Edmund
  4258 | D:4      | Killed Edmund
  4259 | D:4      | Reached skill level 5 in Fighting
  4440 | D:4      | Found a shimmering altar of Xom.
  4557 | D:4      | Noticed Duvessa
  4557 | D:4      | Noticed Dowan
  4578 | D:4      | Killed Duvessa
  4578 | D:4      | Killed Dowan
  4579 | D:4      | Reached skill level 5 in Armour
  4579 | D:4      | Reached XP level 8. HP: 24/62 MP: 8/12
  4854 | D:4      | Reached skill level 6 in Invocations
  5423 | D:5      | Entered Level 5 of the Dungeon
  5451 | D:5      | Noticed Blork the orc
  5451 | D:5      | Noticed Prince Ribbit
  5466 | D:5      | Killed Blork the orc
  5468 | D:5      | Slain by Prince Ribbit

Illustrated notes

Levels and vault maps discovered:
D:1:      minmay_arrival_loop, layout_loops_ring,
          shapermc_ecumenical_altar_mp_vishouse
D:2:      layout_basic, serial_shops, shop
D:3:      layout_loops_cross, serial_shops, shop
D:4:      layout_loops_ring, xom_confusion_cloud, gammafunk_ghost_grave,
          uniq_edmund, uniq_eustachio, uniq_duvessa
D:5:      layout_cave_pods, mainiacjoe_overflow_brackets, portal_sewer_entry_a,
          serial_shops, kennysheep_little_box, uniq_sigmund, uniq_blork_the_orc,
          uniq_ijyb, uniq_prince_ribbit1

Skill      XL: |  1  2  3  4  5  6  7  8 |
---------------+-------------------------+-----
Dodging        | 1 2 |  2.0
Fighting       | 4 5 |  5.0
Armour         | 3 4 5 |  5.0
Invocations    | 3 4 5 6 |  6.0
Stealth        | 1 2 3 |  3.4
Evocations     | 1 2 |  2.0
Maces & Flails | 3 4 |  4.0

Action                   |  1- 3 |  4- 6 |  7- 9 || total
-------------------------+-------+-------+-------++-------
Melee: Mace              |    53 |    41 |       ||    94
       Whip              |     9 |       |       ||     9
       Punch             |     2 |       |       ||     2
       Morningstar       |       |    72 |    84 ||   156
Invok: Depart the Abyss  |     1 |       |       ||     1
       Bend Space        |       |       |     3 ||     3
 Abil: Dig               |       |     1 |     1 ||     2
Evoke: Wand              |       |       |     2 ||     2
  Use: Scroll            |     7 |     2 |     2 ||    11
       Potion            |       |     3 |       ||     3
Armor: Leather armour    |     7 |       |       ||     7
       Scale mail        |    18 |    39 |    19 ||    76
       Skin              |       |    51 |       ||    51
       Chain mail        |       |       |    12 ||    12
Dodge: Dodged            |    21 |    49 |    29 ||    99

Table legend: (Time is in decaauts)
 A = Elapsed time spent in this place.
 B = Non-inter-level travel time spent in this place.
 C = Inter-level travel time spent in this place.
 D = Time resting spent in this place.
 E = Time spent auto-exploring this place.
 F = Levels seen in this place.
 G = Mean time per level.
                   A        B        C        D        E       F      G
               +--------+--------+--------+--------+--------+-----+--------+
         Total |   5554 |   4930 |    624 |    323 |   3850 |   6 |  925.7 |
       Dungeon |   5503 |   4879 |    624 |    323 |   3802 |   5 | 1100.6 |
         Abyss |     51 |     51 |      0 |      0 |     48 |   1 |   51.0 |
               +--------+--------+--------+--------+--------+-----+--------+

Top non-repeatable levels by time:
     D:4: 2410 daAuts
     D:3: 1210 daAuts
     D:1: 978 daAuts
     D:2: 864 daAuts
 Abyss:1: 51 daAuts
     D:5: 39 daAuts
